Map: Overgrown Facility

Players

Squirtle - Winner!

  • Race: Zerg Zerg
  • Spawn Location: 9:00

Adversity - Winner!

  • Race: Terran Terran
  • Spawn Location: 7:00

BiGBuLLY

  • Race: Zerg Zerg
  • League: Master
  • Spawn Location: 3:00

murkpuzz

  • Race: Terran Terran
  • Spawn Location: 1:00

VOD

Have the link to the VOD?

Description

Time

  • Played on: July 12, 2018, 7:19 p.m.
  • Length: 7:21
Show
View Real Time Build Order
Export as new Build Order

Squirtle Zerg - Winner!

Build Orders: Hatch First 

Get SALT Encoding   

  12  0:03  Drone  
  13  0:09  Drone  
  14  0:17  Overlord  
  14  0:23  Extractor  
  14  0:24  Drone  
  15  0:36  Drone x2  
  15  0:38  Extractor  
  16  0:58  Hatchery  
  16  1:01  Drone  
  16  1:04  Drone  
  17  1:22  Spawning Pool  
  17  1:25  Drone  
  17  1:30  Drone  
  18  1:35  Drone  
  19  1:40  Drone  
  20  1:50  Drone  
  21  2:01  Drone  
  22  2:10  Queen x2  
  26  2:18  Roach Warren  
  25  2:23  Metabolic Boost  
  25  2:29  Overlord  
  25  2:35  Overlord  
  25  2:58  Roach x2  
  27  2:59  Roach x3  
  27  3:02  Roach  
  37  3:10  Roach  
  37  3:11  Roach  
  41  3:20  Roach  
  41  3:21  Extractor  
  41  3:22  Roach  
  45  3:27  Overlord  
  45  3:32  Overlord  
  45  3:46  Zergling x10  
  50  3:49  Zergling x2  
  50  3:55  Zergling x4  
  53  3:57  Zergling x2  
  53  4:01  Zergling x2  
  55  4:03  Zergling x2  
  55  4:04  Zergling x2  
  57  4:10  Overlord  
  57  4:18  Zergling x2  
  57  4:19  Zergling x4  
  57  4:24  Overlord  
  60  4:29  Zergling x2  
  61  4:44  Zergling x2  
  61  4:45  Zergling x4  
  39  5:01  Drone x2  
  39  5:13  Drone x2  
  36  5:29  Drone  
  36  5:30  Drone x2  
  36  5:33  Drone  
  29  5:37  Drone  
  29  5:41  Drone  
  21  5:45  Drone  
  21  5:49  Drone  
  23  5:53  Drone  
  24  5:58  Drone  
  24  5:59  Drone  
  24  6:02  Drone  
  27  6:07  Drone  
  27  6:09  Drone  
  29  6:18  Zergling x6  
  31  6:19  Zergling x2  
  31  6:21  Zergling x2  
  34  6:29  Zergling x2  
  34  6:32  Zergling x2  
  36  6:42  Zergling x2, Spawning Pool  
  36  6:45  Zergling x2  
  30  7:02  Zergling x2  
  30  7:03  Zergling x8  
Show
View Real Time Build Order
Export as new Build Order

Adversity Terran - Winner!

Build Orders: Reaper Expand 

Get SALT Encoding   

  12  0:00  SCV  
  13  0:13  SCV  
  14  0:18  Supply Depot  
  14  0:25  SCV  
  15  0:40  SCV  
  15  0:41  Barracks  
  16  0:45  Refinery  
  16  0:52  SCV  
  17  1:04  SCV  
  18  1:16  SCV  
  19  1:30  Reaper  
  19  1:31  Orbital Command  
  20  1:41  Command Center  
  20  1:50  Supply Depot  
  20  1:56  SCV  
  21  2:02  Barracks Reactor  
  21  2:07  Barracks  
  21  2:11  SCV  
  22  2:18  Barracks  
  22  2:23  Supply Depot  
  22  2:25  SCV  
  23  2:37  SCV  
  24  2:40  Marine x2  
  26  2:52  SCV  
  26  2:54  Refinery, Orbital Command  
  26  2:56  Barracks Tech Lab  
  27  3:05  Marine x3  
  26  3:07  SCV  
  30  3:15  Marine, Stimpack  
  30  3:19  SCV x2  
  33  3:23  Marine x2  
  33  3:25  Marine  
  36  3:31  SCV x2  
  38  3:34  Marine  
  38  3:38  Factory  
  39  3:42  Marine x2  
  39  3:43  SCV  
  39  3:44  SCV  
  43  3:53  Supply Depot  
  43  3:57  SCV x2  
  43  4:01  Marine x4  
  49  4:09  Engineering Bay  
  49  4:13  SCV x2  
  51  4:19  Supply Depot  
  51  4:24  Factory Reactor, Starport  
  51  4:25  SCV x2  
  53  4:35  Terran Infantry Weapons Level 1  
  53  4:37  Barracks Reactor  
  53  4:38  Barracks  
  53  4:40  Barracks  
  53  4:44  SCV  
  53  4:45  Refinery, SCV  
  55  4:46  Refinery  
  54  4:54  Marine x3  
  54  4:57  SCV x2  
  59  5:07  Medivac x2  
  59  5:11  Supply Depot, SCV x2  
  59  5:12  Marine x3  
  68  5:24  Factory Tech Lab, Marine x2, Combat Shield  
  70  5:29  Supply Depot, Barracks Reactor x2  
  70  5:31  Supply Depot  
  70  5:33  SCV x2  
  72  5:40  Marine  
  72  5:41  Marine  
  74  5:46  Marine x3  
  77  5:51  Medivac x2  
  77  5:52  Supply Depot  
  81  5:57  Siege Tank  
  81  5:59  SCV x2  
  81  6:03  Marine x2  
  88  6:08  Marine  
  88  6:09  Marine x5  
  94  6:13  Marine  
  94  6:16  Supply Depot  
  94  6:17  Supply Depot  
  95  6:26  Medivac  
  95  6:27  Medivac  
  95  6:31  Marine x3  
  102  6:37  Marine x4  
  102  6:38  Siege Tank  
  109  6:44  Marine x2  
Show
View Real Time Build Order
Export as new Build Order

BiGBuLLY Zerg 

Build Orders: Hatch First 

Get SALT Encoding   

  12  0:01  Drone  
  13  0:13  Overlord  
  13  0:17  Drone  
  14  0:31  Drone  
  14  0:32  Drone  
  14  0:35  Drone  
  17  0:55  Hatchery  
  16  0:58  Drone  
  16  1:01  Drone  
  18  1:11  Extractor  
  17  1:20  Spawning Pool  
  17  1:21  Drone  
  17  1:26  Drone  
  17  1:31  Drone  
  19  1:47  Overlord  
  19  2:09  Queen x2  
  19  2:12  Metabolic Boost  
  23  2:16  Zergling x4  
  23  2:18  Drone x2  
  27  2:27  Drone  
  27  2:28  Drone  
  27  2:29  Drone  
  30  2:45  Drone  
  30  2:46  Drone  
  32  2:57  Overlord  
  32  3:01  Hatchery  
  32  3:05  Zergling x6  
  34  3:13  Overlord  
  34  3:20  Zergling x2  
  34  3:21  Zergling x12  
  41  3:35  Overlord  
  41  3:36  Overlord  
  41  3:46  Lair  
  41  3:49  Drone x5  
  41  3:50  Drone  
  44  4:14  Zergling x12  
  50  4:18  Queen  
  50  4:20  Zergling x2  
  53  4:29  Zergling x6  
  53  4:30  Zergling x10  
  60  4:44  Zergling x2  
  60  4:45  Zergling x4  
  53  4:51  Zergling x2  
  53  4:52  Zergling x4  
  39  4:59  Zergling x2  
  35  5:04  Zergling x6  
  35  5:05  Zergling x6  
  36  5:25  Zergling x2  
  36  5:26  Zergling x12  
  29  5:51  Zergling x2  
  29  5:52  Zergling x10  
  35  6:05  Zergling x8  
  35  6:06  Zergling x2  
  40  6:19  Queen  
  40  6:22  Zergling x2  
  40  6:23  Zergling x4  
  45  6:46  Drone x8  
Show
View Real Time Build Order
Export as new Build Order

murkpuzz Terran 

Build Orders: Reaper Expand 

Get SALT Encoding   

  12  0:01  SCV  
  13  0:13  SCV  
  14  0:19  Supply Depot  
  14  0:25  SCV  
  15  0:40  Refinery  
  15  0:43  Barracks  
  15  0:47  SCV  
  16  0:59  SCV  
  17  1:11  SCV  
  18  1:34  Reaper  
  19  1:42  Orbital Command  
  19  1:43  Command Center  
  19  1:50  Refinery  
  19  2:01  Supply Depot  
  19  2:08  Marine  
  19  2:10  SCV  
  21  2:20  Factory  
  21  2:26  Marine  
  21  2:42  SCV  
  21  2:54  SCV  
  21  2:57  Orbital Command  
  21  3:06  SCV  
  21  3:07  Factory Tech Lab  
  21  3:12  Barracks Tech Lab  
  22  3:13  Starport  
  22  3:18  SCV  
  23  3:22  Barracks  
  23  3:31  SCV  
  23  3:32  Marine  
  25  3:34  SCV  
  26  3:43  Stimpack, SCV  
  27  3:49  Supply Depot  
  27  3:50  Marine  
  28  3:57  Siege Tank  
  28  3:58  Starport Reactor  
  31  4:07  Marine  
  32  4:11  Marine  
  32  4:13  SCV x2  
  35  4:25  Marine  
  35  4:28  Marine  
  35  4:29  Siege Tank  
  40  4:39  Medivac  
  40  4:43  Marine  
  43  4:46  Marine  
  44  4:57  SCV x2  
  46  5:01  Marine  
  46  5:03  Siege Tank  
  46  5:04  Marine  
  51  5:09  SCV x2  
  52  5:19  Marine  
  53  5:21  SCV  
  54  5:38  Supply Depot, SCV  
  54  5:40  Supply Depot  
  54  5:41  Medivac, Marine x2  
  54  5:42  SCV  
  59  5:51  SCV  
  59  5:54  Barracks  
  60  5:59  Marine x2  
  60  6:00  SCV  
  60  6:03  SCV  
  64  6:10  Engineering Bay  
  67  6:11  Siege Tank  
  67  6:12  SCV  
  67  6:15  SCV  
  67  6:17  Marine  
  71  6:19  Barracks Reactor  
  71  6:20  Medivac  
  71  6:24  SCV  
  73  6:30  Refinery x2  
  73  6:35  Marine  
  65  6:53  Marine  
  65  6:58  Marine x2  
Tags
 
Add a new tag
Caveats
  • Supply blocks, unpowered buildings, or Contaminate may cause inaccurate times.
  • Supply counts are checked every 10 seconds.